 Dungeon Crawl Stone Soup version 0.32-a0-30-gefbe487952 (webtiles) character file.

Game seed: 1729309496880351215

1893383 inmateoo the Executioner (level 26, 254/254 HPs)
             Began as a Minotaur Fighter on Jan 19, 2024.
             Was the Champion of the Shining One.
             Escaped with the Orb
             ... and 3 runes!
             The game lasted 01:22:28 (54404 turns).

inmateoo the Executioner (Minotaur Fighter)        Turns: 54404, Time: 01:22:29

Health: 254/254    AC: 30    Str: 24    XL:     26   Next: 44%
Magic:  36/36      EV: 29    Int:  2    God:    the Shining One [******]
Gold:   4902       SH: 20    Dex: 34    Spells: 25/25 levels left

rFire   + + +        J - +9 broad axe (flame)
rCold   + + +        q - +1 kite shield {reflect}
rNeg    + + +        v - +1 plate armour {rPois}
rPois   +            G - +0 hat "Kebaerun" {Dex+4}
rElec   +            W - +4 dragonskin cloak
rCorr   +            R - +2 pair of gloves of Repulsion {rElec rF+ rN+++ Int-2}
SInv    .            Z - +0 pair of boots "Tann" {^Drain rF++ rCorr Dex+3}
Will    ++...        j - amulet of regeneration Stlth
                     i - ring of willpower
HPRegen 1.42/turn    h - ring "Jickurghedo" {rC+++ rN+ rCorr Dex+3 Stlth-}
MPRegen 0.25/turn

%: reflection
@: mighty, hasted (expiring), glowing, studying 2 skills, very quick
A: horns 2, retaliatory headbutt, talons 1, thin skeletal structure 1, agile 1,
deterioration 1, electricity resistance
0: Orb of Zot
}: 3/15 runes: decaying, silver, gossamer
a: Renounce Religion, Divine Shield, Cleansing Flame, Summon Divine Warrior,
Brand Weapon With Holy Wrath


You escaped.
You worshipped the Shining One.
The Shining One was exalted by your worship.
You visited 10 branches of the dungeon, and saw 48 of its levels.
You visited the Abyss 1 time.
You also visited: Trove, Sewer, Gauntlet, Ice Cave, Wizlab and Desolation.

You collected 7949 gold pieces.
You spent 3047 gold pieces at shops.

Inventory:

Hand Weapons
 J - a +9 broad axe of flaming (weapon)
Missiles
 s - 5 throwing nets (quivered)
 H - 8 silver javelins
Armour
 q - a +1 kite shield of reflection (worn)
 v - a +1 plate armour of poison resistance (worn)
 G - the +0 hat "Kebaerun" (worn) {Dex+4}
   (You found it in a Gauntlet)

   Dex+4:     It affects your dexterity (+4).
 R - the +2 pair of gloves of Repulsion (worn) {rElec rF+ rN+++ Int-2}
   (You found it in a Gauntlet)

   Int-2:     It affects your intelligence (-2).
   rF+:       It protects you from fire.
   rElec:     It insulates you from electricity.
   rN+++:     It renders you almost immune to negative energy.
 W - the +4 dragonskin cloak (worn)
   (You took it off Tiamat on level 1 of the Realm of Zot)

   Avatar's Aegis: It grants the wearer a chance to resist fire, cold, poison,
   electricity, acid, and negative energy.
 Z - the +0 pair of boots "Tann" (worn) {^Drain rF++ rCorr Dex+3}
   (You found it in a wizard's laboratory)

   Dex+3:     It affects your dexterity (+3).
   rF++:      It greatly protects you from fire.
   rCorr:     It protects you from acid and corrosion.
   ^Drain:    It drains your maximum health when unequipped.
Jewellery
 f - the ring of Gota {Ice Stlth+}
   (You took it off Josephina on level 3 of the Realm of Zot)

   [ring of ice]

   Ice:       It enhances your ice magic.
   rF-:       It makes you vulnerable to fire.
   rC+:       It protects you from cold.
   Stlth+:    It makes you more stealthy.
 h - the ring "Jickurghedo" (right hand) {rC+++ rN+ rCorr Dex+3 Stlth-}
   (You found it on level 3 of the Crypt)

   [ring of positive energy]

   Dex+3:     It affects your dexterity (+3).
   rC+++:     It renders you almost immune to cold.
   rN+:       It protects you from negative energy.
   rCorr:     It protects you from acid and corrosion.
   Stlth-:    It makes you less stealthy.
 i - a ring of willpower (left hand)
 j - an amulet of regeneration (around neck)
 C - a ring of protection from fire
 F - the ring "Kaadgh" {*Corrode rC- Will+++ Str+6 SInv}
   (You found it on level 4 of the Swamp)

   [ring of strength]

   Str+6:     It affects your strength (+6).
   rC-:       It makes you vulnerable to cold.
   Will+++:   It greatly increases your willpower.
   SInv:      It lets you see invisible.
   *Corrode:  It may corrode you when you take damage.
 V - a ring of willpower
Talismans
 w - a granite talisman
Wands
 m - a wand of polymorph (20)
 n - a wand of flame (150)
 x - a wand of digging (21)
 B - a wand of mindburst (37)
 D - a wand of iceblast (76)
 L - a wand of charming (45)
 M - a wand of light (26)
Scrolls
 a - 26 scrolls of identify
 b - 7 scrolls of enchant armour
 c - a scroll of blinking
 l - 19 scrolls of teleportation
 r - 10 scrolls of fog
 u - 2 scrolls of revelation
 y - 7 scrolls of brand weapon
 I - 9 scrolls of amnesia
 S - 10 scrolls of fear
 T - 2 scrolls of enchant weapon
Potions
 d - 6 potions of might
 e - 32 potions of curing
 g - 6 potions of mutation
 k - 15 potions of brilliance
 o - 3 potions of attraction
 p - 3 potions of haste
 t - 6 potions of enlightenment
 z - 8 potions of heal wounds
 A - 8 potions of cancellation
 E - 5 potions of resistance
 K - 2 potions of magic
 P - 4 potions of berserk rage
 Q - 12 potions of ambrosia
 Y - 3 potions of lignification
Miscellaneous
 U - a box of beasts


   Skills:
 - Level 24.0 Fighting
 - Level 24.0 Axes
 - Level 18.0 Armour
 + Level 23.0 Dodging
 - Level 20.0 Shields
 + Level 21.6 Invocations
 - Level 6.0 Evocations
 + Level 15.0 Shapeshifting


You had 25 spell levels left.
You didn't know any spells.
Your spell library contained the following spells:

 Spells                   Type           Power      Damage    Failure   Level
 Foxfire                  Conj/Fire      0%         2x1d4     99%         1
 Freeze                   Ice            0%         1d3       99%         1
 Kiss of Death            Conj/Necr      0%         2d5       99%         1
 Magic Dart               Conj           0%         1d3       99%         1
 Necrotise                Necr           0%         1d4       99%         1
 Sandblast                Erth           0%         2d4       99%         1
 Shock                    Conj/Air       0%         1d3       99%         1
 Summon Small Mammal      Summ           0%         N/A       99%         1
 Blink                    Tloc           0%         N/A       100%        2
 Ensorcelled Hibernation  Hex/Ice        0%         N/A       100%        2
 Jinxbite                 Hex            0%         N/A       100%        2
 Lesser Beckoning         Tloc           0%         N/A       100%        2
 Mercury Vapours          Alch/Air       0%         N/A       100%        2
 Momentum Strike          Conj/Tloc      0%         3d8       100%        2
 Scorch                   Fire           0%         2d5       100%        2
 Searing Ray              Conj           0%         2d4       100%        2
 Static Discharge         Conj/Air       0%         3-3/arc   100%        2
 Call Canine Familiar     Summ           0%         N/A       100%        3
 Confusing Touch          Hex            0%         N/A       100%        3
 Frozen Ramparts          Ice            0%         1d1       100%        3
 Fugue of the Fallen      Necr           0%         N/A       100%        3
 Gell's Gravitas          Tloc           0%         N/A       100%        3
 Hailstorm                Conj/Ice       0%         3d5       100%        3
 Inner Flame              Hex/Fire       0%         N/A       100%        3
 Ozocubu's Armour         Ice            0%         N/A       100%        3
 Passwall                 Erth           0%         N/A       100%        3
 Stone Arrow              Conj/Erth      0%         3d7       100%        3
 Summon Ice Beast         Ice/Summ       0%         N/A       100%        3
 Swiftness                Air            0%         N/A       100%        3
 Teleport Other           Tloc           0%         N/A       100%        3
 Tukima's Dance           Hex            0%         N/A       100%        3
 Vampiric Draining        Necr           0%         2d6       100%        3
 Airstrike                Air            0%         2d(0-16)  100%        4
 Anguish                  Hex/Necr       0%         N/A       100%        4
 Animate Armour           Summ/Erth      0%         N/A       100%        4
 Animate Dead             Necr           0%         N/A       100%        4
 Brom's Barrelling Bould  Conj/Erth      0%         2d3       100%        4
 Cause Fear               Hex            0%         N/A       100%        4
 Dimensional Bullseye     Hex/Tloc       0%         N/A       100%        4
 Dispel Undead            Necr           0%         3d6       100%        4
 Flame Wave               Conj/Fire      0%         2d4       100%        4
 Fulminant Prism          Conj/Alch      0%         3d5       100%        4
 Ignite Poison            Fire/Alch      0%         N/A       100%        4
 Iskenderun's Mystic Bla  Conj/Tloc      0%         2d3       100%        4
 Martyr's Knell           Necr/Summ      0%         N/A       100%        4
 Passage of Golubria      Tloc           0%         N/A       100%        4
 Sticky Flame             Fire/Alch      0%         2d4       100%        4
 Summon Blazeheart Golem  Fire/Summ      0%         N/A       100%        4
 Summon Lightning Spire   Summ/Air       0%         N/A       100%        4
 Vhi's Electric Charge    Tloc/Air       0%         N/A       100%        4
 Alistair's Intoxication  Alch           0%         N/A       100%        5
 Arcjolt                  Conj/Air       0%         1d10      100%        5
 Borgnjor's Vile Clutch   Necr/Erth      0%         N/A       100%        5
 Curse of Agony           Necr           0%         N/A       100%        5
 Fireball                 Conj/Fire      0%         3d3       100%        5
 Lee's Rapid Deconstruct  Erth           0%         3d4*      100%        5
 Metabolic Englaciation   Hex/Ice        0%         N/A       100%        5
 Silence                  Hex/Air        0%         N/A       100%        5
 Summon Mana Viper        Hex/Summ       0%         N/A       100%        5
 Yara's Violent Unravell  Hex/Alch       0%         3d3       100%        5
 Conjure Ball Lightning   Conj/Air       0%         3x3d6     100%        6
 Dispersal                Tloc           0%         N/A       100%        6
 Eringya's Noxious Bog    Alch           0%         4d6       100%        6
 Plasma Beam              Fire/Air       0%         2x1d10    100%        6
 Sculpt Simulacrum        Ice/Alch       0%         N/A       100%        6
 Starburst                Conj/Fire      0%         6d3       100%        6
 Summon Cactus Giant      Summ           0%         N/A       100%        6
 Enfeeble                 Hex            0%         N/A       100%        7
 Haunt                    Necr/Summ      0%         N/A       100%        7
 Ozocubu's Refrigeration  Ice            0%         4d7       100%        7
 Borgnjor's Revivificati  Necr           0%         N/A       100%        8
 Discord                  Hex            0%         N/A       100%        8
 Disjunction              Tloc           0%         N/A       100%        8
 Ignition                 Fire           0%         3d3       100%        8
 Lehudib's Crystal Spear  Conj/Erth      0%         10d2      100%        8
 Dragon's Call            Summ           0%         N/A       100%        9
 Fire Storm               Conj/Fire      0%         5d1       100%        9
 Polar Vortex             Ice            0%         N/A       100%        9


Dungeon Overview and Level Annotations

Branches:
Dungeon (15/15)            Temple (1/1) D:7            Lair (5/5) D:11
  Swamp (4/4) Lair:3       Spider (4/4) Lair:3        Slime (0/5) Lair:4
    Orc (2/2) D:9             Elf (0/3) Orc:2        Vaults (5/5) D:14
  Crypt (3/3) Vaults:2       Tomb (0/3) Crypt:3      Depths (4/4) D:15
    Zot (5/5) Depths:4      Sewer (visited)           IceCv (visited)
 WizLab (visited)         Desolation (visited)      Gauntlet (visited)

Altars:
Ashenzari
Cheibriados
Dithmenos
Elyvilon
Fedhas
Gozag
Hepliaklqana
Kikubaaqudgha
Makhleb
Nemelex Xobeh
Okawaru
Qazlal
Ru
Sif Muna
Trog
Uskayaw
Vehumet
Wu Jian
Xom
Yredelemnul
Zin
The Shining One
Jiyva
Lugonu

Shops:
D:9 =[   D:13 :   D:14 ?   Orc:1 *   Orc:2 **[(:   Vaults:4 **   Vaults:5 (
Depths:1 *   Depths:4 *[!*

Portals:
Hell: Depths:1 Depths:2 Depths:3 Depths:4
Abyss: Depths:3
Pandemonium: Depths:2
Ziggurat: Depths:3

Annotations:
D:12 2 runed translucent doors, exclusion: orange crystal statue


Innate Abilities, Weirdness & Mutations

You have a pair of horns on your head.
You reflexively headbutt those who attack you in melee.
You have sharp toenails.
You have a somewhat thin skeletal structure. (Dex +2, Stealth+)
You are agile. (Dex +4, Str/Int -1)
Your body sometimes deteriorates upon taking damage.
You are resistant to electric shocks. (rElec)


Message History

The golden eye blinks at you. You resist with almost no effort.
The golden eye blinks at you. You resist with almost no effort.
You barely miss the golden eye. Your headbutt misses the golden eye.
The golden eye blinks at you. You resist with almost no effort.
The golden eye blinks at you. You resist with almost no effort.
The golden eye blinks at you. You resist with almost no effort.
You slice the golden eye!! You burn the golden eye.
You kill the golden eye!
You closely miss the golden eye. You slash the golden eye!
You burn the golden eye.
You kill the golden eye!
The golden eye blinks at you. You resist with almost no effort.
The golden eye blinks at you.
You easily resist.
You slice the golden eye!! You burn the golden eye.
You kill the golden eye!
You slash the golden eye! You burn the golden eye.
The golden eye blinks at you. You resist with almost no effort.
You slice the golden eye!! You burn the golden eye.
You kill the golden eye!
You slash the golden eye! You burn the golden eye.
You kill the golden eye!
No target in view!
No target in view!
Aiming: Dig
Press: ? - help, Shift-Dir - straight line A rock wall.
This square is lit by a halo and is covered in magical glow.
The rock shatters into small pieces.
Your extra speed is starting to run out.
There is a staircase leading out of the dungeon here.
You can't go down here!
You have escaped!

###.# #.#
####...####
#..## #.#
#.#
#.........#
#...# #.#
#.#
#.........#
###...# #.#
#.##
#.........#
#.....# #.#
#..#
####...####
####.## #.#
##.# #...#
#.# #.# #.#
####...####
####.## #.#
#.#
#.........#
#.....# #.#
#.#
#.♣..@..♣.#
####..#
###.# #.#
#.........#
####..#
....# #.#
####.######
#.....#
##### #.#
#.# #####.#
#####
#.###### #.#
#..#
#.#.##.##
#.# #.##
#.#.#.#.##
#.# #.#
#....###.###
#.# #.#
#.#.## ##..#
#.#


There were no monsters in sight!

Vanquished Creatures
  5 dread liches
  Frederick (Vaults:2)
  3 orbs of fire (Zot:5)
  2 ancient liches
  Mara (Vaults:4)
  A pandemonium lord (D:2)
  Josephina (Zot:3)
  A Killer Klown (Zot:5)
  the Lernaean hydra (Swamp:4)
  Boris (twice) (Vaults:1 Crypt:1)
  A caustic shrike (Depths:3)
  6 curse toes
  Margery (Depths:3)
  6 golden dragons
  Nikola (Vaults:3)
  2 bone dragons (Zot:3)
  3 electric golems
  2 doom hounds (Zot:3)
  A walking crystal tome (Depths:3)
  27 Orb Guardians
  5 liches
  7 tentacled monstrosities
  Asterion (Vaults:3)
  Zenata (Vaults:3)
  Rupert (D:14)
  A titan (Vaults:5)
  3 walking earthen tomes
  5 sphinxes
  5 quicksilver dragons
  2 tentacled starspawn (Abyss:2)
  2 Executioners (Zot:4)
  A searing wretch (Depths:3)
  16 death cobs
  7 ancient champions
  13 shadow dragons
  A thorn hunter (Swamp:2)
  10 storm dragons
  A strange machine (WizLab)
  11 fire giants
  7 protean progenitors
  9 draconian monks
  8 draconian knights
  5 emperor scorpions (Spider:4)
  A fenstrider witch (Swamp:3)
  4 iron dragons
  14 vault wardens
  9 frost giants
  6 tengu reavers
  2 imperial myrmidons (Desolation)
  3 revenants
  11 ghost moths
  4 draconian shifters
  A deep elf sorcerer (Vaults:5)
  3 balrugs (Zot:4)
  16 ironbound preservers
  2 angels (Vaults:1)
  6 ghouls
  A spriggan defender (Depths:2)
  2 broodmothers (Spider:2)
  8 draconian scorchers
  2 orc warlords
  6 draconian annihilators
  A reaper (Zot:2)
  2 draconian stormcallers
  A caustic shrike skeleton (Crypt:3)
  3 ironbound thunderhulks
  25 very ugly things
  4 formless jellyfish
  12 stone giants
  An ophan (Abyss:2)
  A juggernaut skeleton (Depths:2)
  6 grey draconians (Zot:1)
  6 eleionomae
  14 vampire knights
  4 deep elf death magi
  2 deep elf demonologists
  14 red draconians
  11 purple draconians
  12 spark wasps
  7 dire elephants
  3 green draconians
  7 yellow draconians
  11 black draconians
  2 deep elf annihilators
  A halazid warlock (Desolation)
  A war gargoyle (Vaults:3)
  A minotaur (Gauntlet)
  5 white draconians
  The ghost of PanSaczeczos the Fighter, a journeyman TeAl of Kikubaaqudgha (D:10)
  9 bunyips
  4 blizzard demons
  Snorg (D:12)
  3 eidola
  A crystal guardian (Desolation)
  10 ettins
  12 jiangshi
  16 yaktaur captains
  7 entropy weavers
  12 fire dragons
  7 ragged hierophants (Desolation)
  11 servants of whispers (Desolation)
  3 deep elf high priests
  28 vault guards
  8 rakshasas
  A quicksilver dragon skeleton (Depths:2)
  8 great orbs of eyes
  19 hydras
  15 ironbound frosthearts
  The ghost of gruber the Fighter, a novice OnSh of Gozag (D:7)
  9 alligators
  8 radroaches
  4 ogre magi (Orc:2)
  10 peacekeepers
  Erica (D:9)
  6 ice dragons
  3 catoblepae
  A hell beast (D:9)
  20 two-headed ogres
  A spriggan zombie (Crypt:3)
  4 spriggan air magi
  4 jorogumos
  An alligator (shapeshifter) (Vaults:5)
  12 centaur warriors
  9 dancing weapons (WizLab)
  8 deep troll shamans
  9 boulder beetles
  7 demonic crawlers
  An Orb Guardian skeleton (Crypt:2)
  2 death knights (Crypt:1)
  Urug (D:14)
  An orc high priest (Orc:1)
  10 vampire magi
  4 death yaks (IceCv)
  12 deep troll earth magi
  2 thrashing horrors (Abyss:2)
  4 tengu warriors
  2 occultists
  A shock serpent (shapeshifter) (Vaults:5)
  A titan zombie (Crypt:3)
  3 soul eaters
  21 skeletal warriors
  9 iron trolls
  6 spriggan berserkers
  A sun demon (D:2)
  3 skysharks
  A storm dragon zombie (Depths:2)
  A wretched star (Gauntlet)
  8 hell knights (Depths:3)
  3 shadow wraiths (Crypt:3)
  13 goliath frogs
  8 pharaoh ants
  A titan skeleton (Crypt:3)
  2 large abominations
  27 deep trolls
  An iron giant zombie (Crypt:2)
  6 spriggan druids
  3 sun moths
  12 bog bodies
  2 glowing orange brains
  14 swamp dragons
  3 flayed ghosts
  7 arcanists
  An alligator zombie (Crypt:1)
  24 ironbound convokers
  9 steelbarb worms
  15 phantasmal warriors
  9 lindwurms
  13 orb spiders
  6 necromancers
  4 orc knights
  A harpy (Vaults:1)
  An orc sorcerer (Orc:1)
  An ugly thing (shapeshifter) (Vaults:4)
  A stone giant zombie (Vaults:1)
  A shining eye (D:14)
  7 will-o-the-wisps
  18 wolf spiders
  56 ugly things
  A shining eye (shapeshifter) (Vaults:5)
  An oklob plant (Swamp:2)
  A tengu skeleton (Depths:2)
  8 cyclopes
  A stone giant skeleton (Vaults:1)
  14 elephants
  23 moths of wrath
  A meliai (shapeshifter) (D:11)
  3 black mambas
  6 guardian serpents (Desolation)
  Maurice (D:11)
  A naga zombie (Crypt:3)
  2 human skeletons (Vaults:1)
  A water nymph (shapeshifter) (Depths:3)
  A faun (shapeshifter) (Depths:4)
  7 meliai
  13 vault sentinels
  A torpor snail (shapeshifter) (Vaults:5)
  4 molten gargoyles (Desolation)
  An ice statue (IceCv)
  A storm dragon simulacrum (Vaults:5)
  An orange demon (Zot:2)
  A gargoyle (D:12)
  An unseen horror (D:10)
  7 torpor snails
  27 cane toads
  A rime drake (shapeshifter) (D:13)
  A sea snake zombie (Crypt:3)
  A purple draconian zombie (Crypt:1)
  9 komodo dragons
  9 freezing wraiths
  2 kobold demonologists
  3 rime drakes
  A minotaur zombie (Crypt:1)
  3 efreet
  4 tengu conjurers
  30 yaktaurs
  2 ice devils
  A yellow draconian skeleton (Crypt:3)
  4 trolls
  A ghost moth simulacrum (Zot:3)
  2 minotaur skeletons
  An ancient zyme (Abyss:2)
  A guardian mummy (Crypt:3)
  A bloated husk (Swamp:1)
  A queen bee (Gauntlet)
  A shadow dragon simulacrum (Vaults:5)
  A harpy skeleton (Crypt:1)
  Grinder (D:3)
  11 polar bears
  A tengu simulacrum (Vaults:5)
  23 tarantellas
  7 tyrant leeches
  13 hornets
  3 glass eyes (Zot:4)
  74 saltlings (Desolation)
  A culicivora zombie (Crypt:1)
  19 dream sheep
  A blink frog (shapeshifter) (D:13)
  A wolf spider simulacrum (D:14)
  A fire dragon zombie (Crypt:1)
  25 blink frogs
  A raiju (shapeshifter) (Vaults:4)
  A draconian simulacrum (Zot:3)
  27 jumping spiders
  10 culicivoras
  17 spriggans
  A satyr skeleton (Crypt:1)
  2 ynoxinuls
  11 vampires
  A culicivora (shapeshifter) (Depths:3)
  A centaur simulacrum (Crypt:3)
  A shadow (D:11)
  2 water elementals (Depths:1)
  An ettin skeleton (Vaults:1)
  A naga simulacrum (Crypt:3)
  8 wraiths
  33 slime creatures
  5 wyverns
  4 fire bats (Depths:4)
  50 yaks
  A human (shapeshifter) (Vaults:5)
  15 humans
  A wind drake skeleton (Crypt:3)
  A basilisk (shapeshifter) (D:15)
  A black mamba skeleton (Crypt:1)
  7 basilisks
  2 neqoxecs (Abyss:2)
  9 vampire mosquitoes
  A purple draconian simulacrum (Zot:3)
  5 golden eyes (D:1)
  A warg (Orc:1)
  38 redbacks
  Menkaure (D:6)
  2 steam dragons
  A chaos spawn (Abyss:2)
  A skyshark zombie (Crypt:1)
  14 swamp worms
  2 acid dragons
  16 water moccasins
  2 ice beasts
  4 black bears (D:6)
  14 orc warriors
  8 swamp drakes
  2 sky beasts (D:8)
  2 moth of wrath simulacra (Zot:3)
  16 laughing skulls
  A crocodile (Sewer)
  32 ogres
  A boggart (Vaults:2)
  31 wolves
  14 centaurs
  7 kobold brigands
  An elf zombie (Crypt:3)
  21 bullfrogs
  A brain worm (Sewer)
  8 scorpions
  3 human zombies
  2 necrophages (Crypt:1)
  5 small abominations
  A yaktaur skeleton (Crypt:1)
  6 wights
  A wyvern skeleton (Crypt:2)
  A cyclops skeleton (Crypt:3)
  25 killer bees
  10 howler monkeys
  An electric eel (Lair:1)
  3 bombardier beetles
  A bullfrog zombie (Crypt:2)
  9 hounds
  10 jellies
  17 orc priests
  A gnoll bouda (D:6)
  9 hell rats (Lair:3)
  6 iguanas
  21 orc wizards
  12 mummies (Crypt:3)
  A naga skeleton (Crypt:2)
  6 gnolls
  12 adders
  4 river rats
  4 shadow imps (Gauntlet)
  9 white imps
  6 ufetubi
  An iguana zombie (Crypt:3)
  2 ribbon worms (D:6)
  A dart slug (D:1)
  74 orcs
  15 ball pythons
  6 endoplasms
  4 giant cockroaches
  5 goblins
  4 hobgoblins
  2 jackals (D:1)
  23 kobolds
  A quokka (D:3)
  5 bats
  6 frilled lizards
  A goblin skeleton (Crypt:3)
  A hobgoblin skeleton (Crypt:2)
  A jackal skeleton (Crypt:3)
  6 rats
  4 spectral weapons (Vaults:3)
2304 creatures vanquished.

Vanquished Creatures (collateral kills)
  Tiamat (Zot:1)
  A golden dragon (Zot:1)
  The ghost of lugworm the Tortoise, an adept DsCK of Xom (Vaults:3)
  Grunn (Zot:3)
  A death cob (Zot:1)
  An Executioner (Abyss:2)
  2 draconian shifters (Zot:1)
  A draconian knight (Zot:1)
  A draconian stormcaller (Zot:3)
  A green draconian (Zot:1)
  A white draconian (Zot:1)
  2 red draconians (Zot:1)
  2 purple draconians (Zot:1)
  A yellow draconian (Zot:1)
  A hydra (Swamp:4)
  A deep troll (Vaults:1)
  A vault sentinel (Vaults:1)
  A smoke demon (Abyss:2)
  A ynoxinul (Abyss:2)
  A swamp drake (Swamp:4)
23 creatures vanquished.

Vanquished Creatures (others)
  An ironbound convoker (Vaults:2)
  2 bloated husks
  A tarantella (Spider:4)
  A dream sheep (Lair:3)
  A jumping spider (Spider:3)
  A human (D:14)
  A swamp worm (Swamp:1)
  A centaur (D:15)
  A gnoll sergeant (D:10)
  30 foxfires
  4 starspawn tentacles (Abyss:2)
44 creatures vanquished.

Grand Total: 2371 creatures vanquished

Notes
Turn   | Place    | Note
-------+----------+-------------------------------------------
     0 | D:1      | inmateoo the Minotaur Fighter began the quest for the Orb.
     0 | D:1      | Reached XP level 1. HP: 19/19 MP: 0/0
   207 | D:1      | Reached XP level 2. HP: 25/27 MP: 1/1
   627 | D:1      | You fall into a shaft and drop 1 floor!
   643 | D:2      | Reached XP level 3. HP: 28/33 MP: 2/2
   645 | D:2      | Reached skill level 1 in Dodging
   880 | D:2      | Reached XP level 4. HP: 40/40 MP: 3/3
  1414 | D:3      | Noticed Grinder
  1428 | D:3      | Paralysed by Grinder for 4 turns
  1434 | D:3      | Paralysed by Grinder for 3 turns
  1449 | D:3      | Killed Grinder
  1450 | D:3      | Reached XP level 5. HP: 15/47 MP: 4/4
  1450 | D:3      | Reached XP level 6. HP: 18/55 MP: 5/5
  1865 | D:3      | Reached skill level 5 in Axes
  2403 | D:4      | Found a stormy altar of Qazlal.
  2469 | D:4      | Reached skill level 5 in Fighting
  2469 | D:4      | Reached skill level 5 in Armour
  2482 | D:4      | Found a broken altar of Ashenzari.
  2485 | D:4      | Reached skill level 5 in Shields
  2572 | D:4      | Reached XP level 7. HP: 58/61 MP: 6/6
  3088 | D:4      | Identified a scroll of acquirement
  3088 | D:4      | Acquired a manual of Translocations
  3116 | D:5      | Entered Level 5 of the Dungeon
  3122 | D:5      | Found a white marble altar of Elyvilon.
  3708 | D:5      | Reached XP level 8. HP: 70/70 MP: 7/7
  3727 | D:5      | Found a shimmering altar of Xom.
  4386 | D:6      | Found a glowing drain.
  4416 | D:6      | Noticed Menkaure
  4423 | D:6      | Killed Menkaure
  4462 | Sewer    | Entered a sewer
  5174 | D:6      | Reached XP level 9. HP: 74/78 MP: 8/8
  5179 | D:6      | Reached skill level 5 in Dodging
  5800 | D:6      | Noticed a komodo dragon
  5810 | D:6      | Killed a komodo dragon
  6036 | D:6      | Noticed a boulder beetle
  6051 | D:6      | Killed a boulder beetle
  6052 | D:6      | Reached skill level 10 in Axes
  6304 | D:6      | Reached XP level 10. HP: 86/88 MP: 9/9
  7069 | D:7      | Found a runed translucent gate.
  7070 | D:7      | Found a runed translucent gate.
  7070 | D:7      | Found a runed translucent gate.
  7071 | D:7      | Found an opulent altar of Gozag.
  7071 | D:7      | Noticed a two-headed ogre
  7071 | D:7      | Noticed gruber's ghost (novice OnSh)
  7114 | D:7      | Found a staircase to the Ecumenical Temple.
  7320 | D:7      | Identified the +1 ring mail "Rade Kyo" {Harm +Blink SInv}
  7371 | D:7      | Found a basalt altar of Yredelemnul.
  7751 | D:8      | Found a sparkling altar of Nemelex Xobeh.
  7889 | D:8      | Identified the +1 ring mail of the King of the Hill {rPois
                  | rCorr}
  8141 | D:8      | Found a radiant altar of Vehumet.
  8634 | Temple   | Entered the Ecumenical Temple
  8651 | Temple   | Became a worshipper of the Shining One
  8722 | D:9      | Noticed Erica
  8839 | D:9      | Killed Erica
  8907 | D:9      | Noticed a skeletal warrior
  8926 | D:9      | Noticed a two-headed ogre
  8926 | D:9      | Noticed a deep elf pyromancer
  8929 | D:9      | Reached XP level 11. HP: 91/97 MP: 10/10
  8937 | D:9      | Killed a skeletal warrior
  8940 | D:9      | Killed a two-headed ogre
  8949 | D:9      | Gained mutation: Your spells are a little harder to cast,
                  | but a little more powerful. [potion of mutation]
  8949 | D:9      | Gained mutation: Your health recovers twice as slowly from
                  | being drained. [potion of mutation]
  8949 | D:9      | Gained mutation: You are frail. (-10% HP) [potion of
                  | mutation]
  9015 | D:9      | Found Nuzedaja's Antique Armour Shoppe.
  9023 | D:9      | Bought a runed cloak for 255 gold pieces
  9073 | D:9      | Found Vaerru's Jewellery Emporium.
  9074 | D:9      | Identified the +1 trident "Cuopoavve" {freeze, rCorr}
  9162 | D:9      | Found a staircase to the Orcish Mines.
  9716 | D:10     | Entered Level 10 of the Dungeon
  9716 | D:10     | Reached * piety under the Shining One
  9716 | D:10     | Noticed PanSaczeczos's ghost (journeyman TeAl)
  9720 | D:10     | Found a runed translucent gate.
  9720 | D:10     | Found a runed translucent gate.
  9720 | D:10     | Noticed a catoblepas
  9721 | D:10     | Found a runed translucent gate.
  9722 | D:10     | Noticed a flayed ghost
  9761 | D:10     | Noticed a two-headed ogre
  9772 | D:10     | Killed a two-headed ogre
  9773 | D:10     | Reached skill level 1 in Invocations
 10153 | D:10     | Noticed a centaur warrior
 10168 | D:10     | Reached skill level 10 in Fighting
 10171 | D:10     | Reached skill level 10 in Armour
 10177 | D:10     | Killed a centaur warrior
 10227 | D:10     | Found an ornate altar of the Wu Jian Council.
 10446 | D:11     | Found an iron altar of Okawaru.
 10456 | D:11     | Noticed Maurice
 10477 | D:11     | Killed Maurice
 10478 | D:11     | Reached skill level 10 in Shields
 10561 | D:11     | Found a staircase to the Lair.
 10588 | D:11     | Noticed a boulder beetle
 10588 | D:11     | Reached ** piety under the Shining One
 10612 | D:11     | Killed a boulder beetle
 10613 | D:11     | Reached XP level 12. HP: 69/96 MP: 11/13
 10644 | D:11     | Found a glowing silver altar of Zin.
 10645 | D:11     | Noticed a centaur warrior
 10654 | D:11     | Killed a centaur warrior
 10680 | D:11     | Found a shadowy altar of Dithmenos.
 10765 | D:11     | Identified the +4 chain mail of Resourcefulness {rF+ Int+2
                  | Slay+2}
 10965 | D:11     | Noticed a boulder beetle
 11004 | D:11     | Killed a boulder beetle
 11478 | D:12     | Noticed a two-headed ogre
 11494 | D:12     | Killed a two-headed ogre
 11542 | D:12     | Noticed Snorg
 11563 | D:12     | Killed Snorg
 12257 | D:12     | Found a runed translucent door.
 12264 | D:12     | Found the +10 tower shield of Ignorance {rN+ Int-4}
 12280 | D:12     | Found a runed translucent door.
 12894 | D:13     | Noticed a centaur warrior
 12928 | D:13     | Killed a centaur warrior
 12978 | D:13     | Noticed a boulder beetle
 13022 | D:13     | Killed a boulder beetle
 13147 | D:13     | Noticed a five-headed hydra
 13181 | D:12     | Killed a one-headed hydra
 13226 | D:13     | Found Patef's Tremendous Tomes.
 13431 | D:14     | Noticed Urug
 13431 | D:14     | Noticed Rupert
 13431 | D:14     | Reached *** piety under the Shining One
 13431 | D:14     | Found a gate to the Vaults.
 13431 | D:14     | Noticed Nessos
 13455 | D:13     | Reached skill level 15 in Axes
 13558 | Lair:1   | Entered Level 1 of the Lair of Beasts
 13582 | Lair:1   | Reached XP level 13. HP: 103/104 MP: 15/15
 13701 | Lair:1   | Reached skill level 5 in Invocations
 14471 | Lair:2   | Found a gate leading to a gauntlet.
 14502 | Gauntlet | Entered a Gauntlet
 14502 | Gauntlet | Found a transporter.
 14511 | Gauntlet | Found a transporter.
 14514 | Gauntlet | Found a transporter.
 14515 | Gauntlet | Found a transporter.
 14523 | Gauntlet | Found the +9 staff of Olgreb {rPois∞}
 14524 | Gauntlet | Found a transporter.
 14526 | Gauntlet | Found a transporter.
 14527 | Gauntlet | Found a transporter.
 14539 | Gauntlet | Found a transporter.
 14540 | Gauntlet | Found a transporter.
 14540 | Gauntlet | Found a transporter.
 14544 | Gauntlet | Found a runed translucent door.
 14546 | Gauntlet | Found a runed translucent door.
 14548 | Gauntlet | Found a transporter.
 14551 | Gauntlet | Found a transporter.
 14552 | Gauntlet | Found a transporter.
 14560 | Gauntlet | Found a transporter.
 14655 | Gauntlet | Reached **** piety under the Shining One
 14665 | Gauntlet | Identified the +1 pair of gloves of Xibas {rElec Str+4
                  | Dex-3 Stlth+}
 14766 | Gauntlet | Identified the +0 hat "Kebaerun" {Dex+4}
 14794 | Abyss:2  | Cast into level 2 of the Abyss (an occultist)
 14795 | Abyss:2  | Found a corrupted altar of Lugonu.
 14888 | Abyss:2  | Reached skill level 10 in Dodging
 14935 | Abyss:2  | Noticed a tentacled starspawn
 14942 | Abyss:2  | Noticed a tentacled starspawn
 14952 | Abyss:2  | Killed a tentacled starspawn
 14960 | Abyss:2  | Killed a tentacled starspawn
 14978 | Abyss:2  | Noticed a black draconian
 14990 | Abyss:2  | Killed a black draconian
 14995 | Abyss:2  | Reached ***** piety under the Shining One
 15052 | Abyss:2  | Noticed an ophan
 15072 | Abyss:2  | Killed an ophan
 15092 | Abyss:2  | Noticed an Executioner
 15100 | Abyss:2  | Killed an Executioner
 15109 | Gauntlet | Escaped the Abyss
 15129 | Gauntlet | Identified the +2 pair of gloves of Repulsion {rElec rF+
                  | rN+++ Int-2}
 15194 | Gauntlet | Noticed a minotaur
 15210 | Gauntlet | Killed a minotaur
 15247 | Lair:2   | Got the Opusculum on the Entourage and the Tropics
 15430 | Lair:2   | Identified the +0 robe of the Equator {rCorr Str+3}
 15522 | Lair:2   | Got the Tractate on the Amorphous Xenolith
 15594 | Lair:2   | Reached XP level 14. HP: 114/114 MP: 17/17
 16278 | Lair:3   | Found a staircase to the Swamp.
 16427 | Lair:3   | Found a hole to the Spider Nest.
 17465 | Lair:4   | Found a viscous altar of Jiyva.
 17465 | Lair:4   | Found a staircase to the Slime Pits.
 17830 | Lair:5   | Entered Level 5 of the Lair of Beasts
 17993 | Lair:4   | Reached skill level 1 in Shapeshifting
 18201 | Lair:5   | Reached ****** piety under the Shining One
 18251 | Lair:5   | Found a frozen archway.
 18322 | IceCv    | Entered an ice cave
 18494 | IceCv    | Reached XP level 15. HP: 122/122 MP: 19/19
 18894 | IceCv    | Noticed a frost giant
 18918 | IceCv    | Killed a frost giant
 19961 | Orc:1    | Entered Level 1 of the Orcish Mines
 19998 | Orc:1    | Found Bawe's CLEARANCE SALE!.
 20203 | Orc:2    | Entered Level 2 of the Orcish Mines
 20458 | Orc:2    | Found a staircase to the Elven Halls.
 20539 | Orc:2    | Found Lew Taxyga's Self-Improvement Boutique.
 20624 | Orc:2    | Found Kuastenu's Antique Armour Shoppe.
 20624 | Orc:2    | Found Etwigeul's Weapon Boutique.
 20752 | Orc:2    | Found Eclesush's General Store.
 20752 | Orc:2    | Found Ucral's Assorted Antiques.
 20765 | Orc:2    | Bought a scroll of identify for 60 gold pieces
 20765 | Orc:2    | Bought a scroll labelled WUJEMO OMAEPO for 30 gold pieces
 21119 | D:7      | Killed gruber's ghost
 21267 | D:10     | Reached XP level 16. HP: 122/131 MP: 21/21
 21290 | D:10     | Killed PanSaczeczos's ghost
 21998 | D:14     | Killed Rupert
 22099 | D:14     | Killed Urug
 22133 | D:14     | Nessos changed into Nessos the shining eye
 22133 | D:14     | Noticed Nessos
 22136 | D:14     | Gained mutation: You are clumsy. (Dex -2) [Nessos]
 22138 | D:14     | Killed Nessos the shining eye
 22691 | D:14     | Found The Oracle's Delphic Readings.
 22700 | D:14     | Bought a scroll of enchant weapon for 127 gold pieces
 22700 | D:14     | Bought a scroll of fear for 68 gold pieces
 22700 | D:14     | Bought a scroll of fear for 68 gold pieces
 22700 | D:14     | Bought a scroll of revelation for 127 gold pieces
 22861 | D:14     | Lost mutation: You are frail. (-10% HP) [potion of
                  | mutation]
 22861 | D:14     | Lost mutation: You are clumsy. (Dex -2) [potion of
                  | mutation]
 22861 | D:14     | Lost mutation: Your spells are a little harder to cast, but
                  | a little more powerful. [potion of mutation]
 22861 | D:14     | Gained mutation: You have a somewhat thin skeletal
                  | structure. (Dex +2, Stealth+) [potion of mutation]
 22861 | D:14     | Gained mutation: Your natural rate of healing is unusually
                  | fast. [potion of mutation]
 22873 | D:15     | Entered Level 15 of the Dungeon
 22939 | D:15     | Reached skill level 1 in Evocations
 23111 | D:15     | Found a staircase to the Depths.
 23739 | Swamp:1  | Entered Level 1 of the Swamp
 24278 | Swamp:1  | Reached skill level 15 in Fighting
 24499 | Swamp:2  | Reached XP level 17. HP: 87/156 MP: 23/23
 24748 | Swamp:2  | Reached skill level 15 in Armour
 25694 | Swamp:4  | Entered Level 4 of the Swamp
 25699 | Swamp:4  | Paralysed by a fenstrider witch for 3 turns
 25708 | Swamp:3  | Reached skill level 5 in Shapeshifting
 25869 | Swamp:4  | Reached skill level 10 in Invocations
 26029 | Swamp:4  | Identified the +2 scale mail "Bouvui Otat" {rC+}
 26264 | Swamp:4  | Reached skill level 15 in Shields
 26325 | Swamp:4  | Identified the ring "Kaadgh" {*Corrode rC- Will+++ Str+6
                  | SInv}
 26380 | Swamp:4  | Noticed the 27-headed Lernaean hydra
 26384 | Swamp:4  | Identified the +7 tower shield of the Goldsmith {Will+}
 26391 | Swamp:4  | Killed the 21-headed Lernaean hydra
 26417 | Swamp:4  | Got a decaying rune of Zot
 26707 | Spider:1 | Entered Level 1 of the Spider Nest
 27559 | Spider:2 | Reached XP level 18. HP: 117/166 MP: 24/24
 27882 | Spider:2 | Gained mutation: Your magical capacity is low. (-10% MP)
                  | [mutagenic glow]
 28459 | Spider:3 | Reached skill level 5 in Evocations
 28777 | Spider:4 | Entered Level 4 of the Spider Nest
 30172 | Spider:4 | Got a gossamer rune of Zot
 30603 | Vaults:1 | Entered Level 1 of the Vaults
 30660 | Vaults:1 | Found a glowing golden altar of the Shining One.
 30660 | Vaults:1 | Found a glowing silver altar of Zin.
 30660 | Vaults:1 | Found a crumbling gateway.
 30680 | Vaults:1 | Found a white marble altar of Elyvilon.
 30744 | Desolati | Entered the Desolation of Salt
 30761 | Desolati | Reached XP level 19. HP: 122/174 MP: 23/23
 31119 | Desolati | Got Bueheh's Cyclopedia of Chilling Striking
 31122 | Desolati | Got the Lectures on Weather and the Tundra
 31126 | Desolati | Identified the +1 chain mail "Zimitot" {rElec}
 31244 | Desolati | Got Sif Muna's Discursus on Debased Acts and Creation
 31492 | Desolati | Identified the ring "Ymulim" {Fire rPois rN++}
 31522 | Desolati | Identified the +1 leather armour of Niguer {Rampage Int+3
                  | Slay-4 Stlth+}
 32268 | Vaults:1 | Noticed Boris
 32271 | Vaults:1 | Reached skill level 15 in Dodging
 32286 | Vaults:1 | Killed Boris
 32939 | Vaults:2 | Paralysed by a formless jellyfish for 1 turns
 33082 | Vaults:2 | Reached XP level 20. HP: 164/184 MP: 25/25
 33675 | Vaults:2 | Found a staircase to the Crypt.
 33909 | Vaults:2 | Identified the orb of Joy {light, -Cast Fly rN+ Will++}
 33909 | Vaults:2 | Noticed Frederick
 33926 | Vaults:2 | Killed Frederick
 34249 | Vaults:2 | Found the +8 orange crystal plate armour {Archmagi, Int+3
                  | Clar}
 34628 | Vaults:2 | Acquired a manual of Shields
 34713 | Vaults:3 | Noticed Nikola
 34794 | Vaults:3 | Killed Nikola
 34877 | Vaults:3 | Found a runed translucent door.
 34877 | Vaults:3 | Noticed lugworm's ghost (adept DsCK)
 34930 | Vaults:3 | Noticed Asterion
 34948 | Vaults:3 | Killed Asterion
 35063 | Vaults:3 | Noticed Zenata
 35076 | Vaults:3 | Killed Zenata
 35823 | Vaults:3 | Killed lugworm's ghost
 36234 | Vaults:4 | Reached XP level 21. HP: 194/194 MP: 26/26
 36296 | Vaults:4 | Noticed Mara
 36298 | Vaults:4 | Noticed inmateoo's illusion
 36317 | Vaults:4 | Killed Mara
 36443 | Vaults:4 | Found Hamecom's Assorted Antiques.
 36447 | Vaults:4 | Bought a scroll of enchant weapon for 315 gold pieces
 36447 | Vaults:4 | Bought a scroll of enchant weapon for 315 gold pieces
 36895 | Vaults:4 | Found Ylaahuu's General Store.
 36904 | Vaults:4 | Bought a scroll of acquirement for 936 gold pieces
 36904 | Vaults:4 | Acquired a manual of Invocations
 37341 | Depths:1 | Entered Level 1 of the Depths
 37354 | Depths:1 | Found a gateway to Hell.
 37541 | Depths:1 | Found an opulent altar of Gozag.
 37691 | Depths:1 | Found a portal to a secret trove of treasure.
 37952 | Depths:1 | Found Peleck's Fire Supplies.
 38545 | Depths:2 | Found a magical portal.
 38550 | WizLab   | Entered Tukima's Studio
 38571 | WizLab   | Identified the +3 longbow of a bazaar {speed, rElec Str+2
                  | Int+4}
 38958 | WizLab   | Noticed inmateoo's illusion
 39053 | WizLab   | Noticed inmateoo's illusion
 39076 | WizLab   | Identified the +0 pair of boots "Tann" {^Drain rF++ rCorr
                  | Dex+3}
 39292 | Depths:2 | Found a one-way gate leading to the halls of Pandemonium.
 39432 | Depths:2 | Reached XP level 22. HP: 204/205 MP: 28/28
 39795 | Depths:3 | Reached skill level 15 in Invocations
 40041 | Depths:3 | Found a one-way gateway to a ziggurat.
 40301 | Depths:3 | Noticed a caustic shrike
 40314 | Depths:3 | Killed a caustic shrike
 40414 | Depths:3 | Found a one-way gate to the infinite horrors of the Abyss.
 40566 | Depths:3 | Reached skill level 10 in Shapeshifting
 40634 | Depths:3 | Noticed Margery
 40644 | Depths:3 | Killed Margery
 40815 | Depths:4 | Entered Level 4 of the Depths
 40916 | Depths:4 | Found Fuklane's Distillery.
 40916 | Depths:4 | Found Uxemm's Antique Armour Shop.
 40925 | Depths:4 | Found Urchus's General Store.
 40929 | Depths:4 | Found Fawo's Assorted Antiques.
 40932 | Depths:4 | Bought a scorched kite shield for 237 gold pieces
 40932 | Depths:4 | Identified the +4 kite shield of Hubris {rF+ SInv} (You
                  | bought it in a shop on level 4 of the Depths)
 40935 | Depths:4 | Bought a potion of curing for 75 gold pieces
 40938 | Depths:4 | Bought a potion of curing for 42 gold pieces
 40938 | Depths:4 | Bought a potion of curing for 42 gold pieces
 40938 | Depths:4 | Bought a potion of curing for 42 gold pieces
 40938 | Depths:4 | Bought a potion of mutation for 112 gold pieces
 40938 | Depths:4 | Bought a potion of resistance for 140 gold pieces
 40938 | Depths:4 | Bought a potion of might for 56 gold pieces
 41292 | Depths:4 | Found a gate to the Realm of Zot.
 42009 | Crypt:1  | Entered Level 1 of the Crypt
 42105 | Crypt:1  | Noticed Boris
 42124 | Crypt:1  | Killed Boris
 42208 | Crypt:1  | Reached XP level 23. HP: 217/217 MP: 31/31
 43471 | Crypt:3  | Entered Level 3 of the Crypt
 43648 | Crypt:3  | Identified the +7 long sword of Puxyuq {venom, Int+3}
 43894 | Crypt:3  | Identified the staff of the Equator {rElec rPois Int-4 Conj
                  | Earth}
 43964 | Crypt:3  | Found a basalt altar of Yredelemnul.
 43964 | Crypt:3  | Found an ancient bone altar of Kikubaaqudgha.
 43964 | Crypt:3  | Noticed a curse toe
 43964 | Crypt:3  | Noticed a curse toe
 43974 | Crypt:3  | Killed a curse toe
 43976 | Crypt:3  | Killed a curse toe
 44042 | Crypt:3  | Identified the +0 scimitar of a Billion Emperors {venom,
                  | ^Fragile rPois rF+ rN+}
 44086 | Crypt:3  | Identified the ring "Jickurghedo" {rC+++ rN+ rCorr Dex+3
                  | Stlth-}
 44086 | Crypt:3  | Identified the ring of the Snail {rElec rN+ Str-3 Stlth+}
 44086 | Crypt:3  | Identified the ring of the Dropbear {rN+ Dex+4}
 44093 | Crypt:3  | Identified the staff of Vioti {*Slow rF+ Str+5 Earth}
 44107 | Crypt:3  | Identified the +1 quarterstaff of Kekhlox Zaukh {holy,
                  | Dex+3}
 44108 | Crypt:3  | Identified the staff "Pidutuih" {rCorr Str-4 Conj Ice
                  | Earth}
 44288 | Crypt:3  | Identified the +9 arbalest "Beetlebane" {penet, rF+++ rCorr
                  | Str-2}
 44486 | Crypt:3  | Found a staircase to the Tomb.
 44597 | Crypt:3  | Paralysed by a vampire knight for 2 turns
 44911 | Vaults:5 | Entered Level 5 of the Vaults
 45081 | Vaults:5 | Identified the +7 whip "Cejetwal" {spect, Int+5}
 45176 | Vaults:5 | Noticed a dread lich
 45201 | Vaults:4 | Killed a dread lich
 45344 | Vaults:4 | Reached XP level 24. HP: 230/231 MP: 31/31
 45407 | Vaults:5 | Noticed a dread lich
 45411 | Vaults:5 | Noticed an ancient lich
 45412 | Vaults:5 | Identified the +8 dire flail of the Special Shrikes
                  | {freeze, MP+9 Int+3}
 45433 | Vaults:4 | Killed a dread lich
 45596 | Vaults:4 | Killed an ancient lich
 45624 | Vaults:5 | Identified the +4 double sword of Disembowelment {flame,
                  | rF- Int+4 Dex+4}
 45867 | Vaults:5 | Gained mutation: Your magical capacity is very low. (-20%
                  | MP) [a shining eye]
 45912 | Vaults:5 | Found the +5 robe of Night {Dark Will+ SInv}
 45915 | Vaults:5 | Identified the ring "Cosmirgh" {MP+9 Dex+3}
 46172 | Vaults:5 | Found Leginyiw's Antique Weapon Shoppe.
 46246 | Vaults:5 | Got a silver rune of Zot
 46359 | Vaults:5 | Found the +6 lightning scales {swift, rElec}
 46889 | Depths:1 | You paid a toll of a +6 demon trident to enter a treasure
                  | trove
 46890 | Trove    | Entered a treasure trove
 47048 | Zot:1    | Entered Level 1 of the Realm of Zot
 47255 | Zot:1    | Found the +4 dragonskin cloak
 47255 | Zot:1    | Noticed Tiamat
 47268 | Zot:1    | Killed Tiamat
 48597 | Zot:2    | Found the +11 Singing Sword {sonic wave}
 48818 | Zot:2    | Reached XP level 25. HP: 221/243 MP: 28/28
 48914 | Zot:2    | Found a corrupted altar of Lugonu.
 49974 | Zot:3    | Identified the ring of Gota {Ice Stlth+}
 49974 | Zot:3    | Noticed Josephina
 49984 | Zot:3    | Killed Josephina
 50049 | Zot:3    | Noticed Grunn
 50064 | Zot:3    | Killed Grunn
 51020 | Zot:4    | Got the Exposition on Hexes
 52114 | Zot:5    | Entered Level 5 of the Realm of Zot
 52748 | Zot:5    | Noticed a Killer Klown
 52775 | Zot:5    | Killed a Killer Klown
 52903 | Zot:5    | Noticed a dread lich
 53382 | Zot:5    | Noticed a dread lich
 53390 | Zot:5    | Paralysed by a dread lich for 2 turns
 53403 | Zot:5    | Killed a dread lich
 53404 | Zot:5    | Reached XP level 26. HP: 254/254 MP: 29/29
 53497 | Zot:5    | Noticed an ancient lich
 53497 | Zot:5    | Noticed an orb of fire
 53501 | Zot:5    | Noticed a dread lich
 53508 | Zot:5    | Killed an ancient lich
 53508 | Zot:5    | Gained mutation: Your body sometimes deteriorates upon
                  | taking damage. [an orb of fire]
 53512 | Zot:5    | Killed an orb of fire
 53519 | Zot:5    | Killed a dread lich
 53525 | Zot:5    | Noticed an orb of fire
 53527 | Zot:5    | Killed a dread lich
 53542 | Zot:5    | Killed an orb of fire
 53566 | Zot:5    | Noticed an orb of fire
 53592 | Zot:5    | Killed an orb of fire
 53639 | Zot:5    | Got the Orb of Zot
 53770 | Zot:2    | Noticed Qisuil the pandemonium lord
 53962 | Depths:1 | Lost mutation: Your health recovers twice as slowly from
                  | being drained. [potion of mutation]
 53962 | Depths:1 | Lost mutation: Your natural rate of healing is unusually
                  | fast. [potion of mutation]
 53962 | Depths:1 | Gained mutation: You are resistant to electric shocks.
                  | (rElec) [potion of mutation]
 53963 | Depths:1 | Lost mutation: Your magical capacity is very low. (-20% MP)
                  | [potion of mutation]
 53963 | Depths:1 | Lost mutation: Your magical capacity is low. (-10% MP)
                  | [potion of mutation]
 53963 | Depths:1 | Gained mutation: You have sharp toenails. [potion of
                  | mutation]
 53963 | Depths:1 | Gained mutation: You are agile. (Dex +4, Str/Int -1)
                  | [potion of mutation]
 54339 | D:2      | Noticed Vozxuod the pandemonium lord
 54352 | D:2      | Killed Vozxuod the pandemonium lord
 54353 | D:2      | Reached skill level 15 in Shapeshifting
 54404 | D:$      | Escaped with the Orb!

Illustrated notes

Levels and vault maps discovered:
D:1:      minmay_arrival_hallway, layout_loops_ring
D:2:      layout_loops_ring, corexii_corridor_pit, nrook_campfire
D:3:      layout_basic, uniq_grinder
D:4:      layout_basic, grunt_qazlal_sundering,
          mainiacjoe_overflow_small_starburst, patterned_corridor
D:5:      layout_basic, nicolae_elyvilon_peaceful_grove, dk_xom_monty_hall
D:6:      minmay_opposing_rooms, layout_loops_corners, portal_sewer_entry_b,
          minmay_fractal_squares_diagonal_5, uniq_menkaure
D:7:      layout_basic, marbit_many_paths, minmay_temple_entry_from_below_a,
          ebering_ghost_gozag, interstate_on_off, minmay_misc_feat_x
D:8:      layout_gridville, kennysheep_mini_moat, vehumet_crystals
D:9:      kennysheep_blocky_room, layout_irregular_city, david_orc_2,
          serial_shops, nicolae_shop_tiny_statue_garden,
          nicolae_inconvenience_store, uniq_erica
D:10:     layout_gridville, nicolae_wu_jian_immortal_techniques,
          gammafunk_ghost_split, minivault_24
D:11:     layout_stronghold, due_lair_maze_entry_diamond,
          hangedman_feature_mirror, grunt_dithmenos_shadows, uniq_maurice
D:12:     layout_basic, chequers_guarded_unrand_ignorance, uniq_snorg
D:13:     layout_layer_cave, nicolae_shop_i_like_big_books
D:14:     layout_loops_corners, david_vaults_3, nicolae_triple_integral,
          nicolae_nh_oracle_at_delphi
D:15:     grunt_enter_depths_hoard, layout_basic
Temple:   eino_temple_water
Lair:1:   layout_regular_city, fungi_pond_lemuel, infiniplex_staircase_pool_2,
          grunt_megastairs_4, serial_bayou_shore_a
Lair:2:   dragon1_lemuel, layout_chaotic_city, gauntlet_entry_generic
Lair:3:   layout_roguey, mainiacjoe_swamp_entry_lozenge_pond,
          spider_nest_entry_rubble, st_stairs_9, beast_lair_carwin_7
Lair:4:   layout_loops_ring, minmay_slime_entry_pillars
Lair:5:   minmay_lair_end_frog_pond, layout_big_grid,
          portal_ice_cave_entry_pillars_1, serial_bayou_shore_b,
          lemuel_fruit_tree
Swamp:1:  layout_basic_swamp, evilmike_swamp_ruin_house_1, swamp_pool_4,
          hangedman_swamp_grove
Swamp:2:  layout_basic_swamp, evilmike_swamp_ruin_house_3, swamp_pool_1_2,
          nicolae_swamp_oklob_treasure_island
Swamp:3:  layout_falls_marsh, nicolae_swamp_very_dense_foliage
Swamp:4:  grunt_swamp_rune_castle, layout_basic_swamp
Spider:1: layout_spider_delve
Spider:2: layout_cave_pods
Spider:3: layout_spider_delve
Spider:4: grunt_spider_rune_island, nicolae_spider_eight_legs
Orc:1:    layout_caves, nicolae_shop_clearance
Orc:2:    st_orc_ogre_mass, layout_caves, nicolae_shop_self_help
Vaults:1: portal_desolation_entry_holy_temple, nicolae_vaults_network_periphery,
          nicolae_vaults_sightless_eye, ontoclasm_vaults_loading_screen,
          vaults_room_ringed_pool, nicolae_vaults_swerve,
          ontoclasm_vaults_claustrophobia, v_misc_19, v_alt_pattern_1,
          nicolae_vaults_six-pack, nicolae_vaults_more_shelving_1,
          nicolae_vaults_stepped_doors, vaults_room_grunt_arrival_ludios,
          hangedman_vaults_impose, layout_vaults_maze_snakey, uniq_boris
Vaults:2: nicolae_vaults_minivaults, nicolae_vaults_frosty_reception,
          minmay_crypt_entry_simple_plaza, nicolae_vaults_gold_heap,
          nicolae_vaults_tetromino_L_1, v_rooms_3, grunt_vaults_focal,
          ontoclasm_vaults_ring_small, nicolae_vaults_border_crossing,
          hangedman_vaults_impose, nicolae_vaults_house_3,
          ontoclasm_vaults_misaligned, nicolae_vaults_three_branches,
          nicolae_vaults_surprise_closet, layout_vaults_omnicross,
          uniq_frederick
Vaults:3: ebering_ghost_inner_flame, ontoclasm_vaults_ring_small, st_check,
          nicolae_vaults_weapon_check, nicolae_vaults_tetromino_L_1,
          nicolae_vaults_trapezoid_1, nicolae_vaults_trapezoid_lopsided_3,
          nicolae_vaults_doubleplus_tesselated, ontoclasm_vaults_chip,
          nicolae_vaults_tetromino_L_1, layout_vaults_big_room, uniq_nikola,
          uniq_zenata, uniq_asterion
Vaults:4: st_lattice, v_misc_11, grunt_vaults_bifocal,
          nicolae_vaults_little_squares_5, hangedman_vaults_stitches,
          layout_vaults_omnigrid, serial_shops, nicolae_shop_tiny_glass,
          nicolae_shop_back_alley_shop, uniq_mara
Vaults:5
Crypt:1:  layout_misc_corridors
Crypt:2:  layout_basic, nicolae_crypt_reliquary_box, lemuel_upstairs_altar
Crypt:3:  lightli_unholy_cathedral, layout_chaotic_city,
          nicolae_tomb_entry_unfolded_pyramid_diagonal, st_vampire_maze
Depths:1: layout_gridlike, serial_glass, glass_columns_a, glass_columns_c,
          glass_columns_b, glass_columns_a, glass_columns_a,
          due_unseen_surprise, item_on_display_a, feat_on_display,
          minmay_strange_pillars, nicolae_trove_entry_free_sample, hell_entry,
          chequers_decorated_corner, dk_noncrumbling_2,
          chequers_serial_rivers_room_a, minivault_14, hex_intersection,
          nicolae_shop_fire_sale [nicolae_sub_dead_trees],
          nicolae_gozag_cash_rules_everything_around_me
Depths:2: nzn_winding_woodlands_small [nzn_winding_woodlands_5x15_pool,
          nzn_winding_woodlands_center_garden,
          nzn_winding_woodlands_5x15_twine], layout_cave_pools, hell_entry,
          infiniplex_enter_wizlab_spiral, grunt_pan_entry_spiral,
          chequers_serial_rivers_large_a
Depths:3: minmay_broken_ring, layout_long_grid, enter_ziggurat_a,
          glass_columns_a, abyss_entry_crystal, grunt_metal_band
Depths:4: evilmike_zot_entry_hall, layout_gridlike, hell_entry,
          grunt_megastairs_5, minmay_shoptagon, infiniplex_staircase_pool_lava
Zot:1:    ebering_greatest_show_in_zot, layout_basic, uniq_tiamat
Zot:2:    bobbens_index_wilting_gardens, layout_misc_corridors,
          regret_index_zotdec_abyssal_star_handed
Zot:3:    layout_concentric_octagons, uniq_josephina, uniq_grunn
Zot:4:    regret_index_zot_pan_timeshare, layout_gridlike, lemuel_elevator
Zot:5:    layout_cathedral_of_symmetry, st_stairs_13

Skill      XL: |  1  2  3  4  5  6  7  8  9 10 11 12 13 14 15 16 17 18 19 20 21 22 23 24 25 26 |
---------------+-------------------------------------------------------------------------------+-----
Axes           | 3 4 5 6 8 10 12 13 15 16 17 18 19 20 21 22 23 24 | 24.0
Fighting       | 4 5 6 8 9 10 11 12 13 14 15 16 17 18 19 20 21 23 24 | 24.0
Armour         | 4 5 6 8 9 10 11 12 13 14 15 16 17 18 | 18.0
Dodging        | 1 2 3 4 6 7 8 9 10 11 12 13 14 15 17 18 19 20 22 23 | 23.0
Shields        | 4 5 6 7 9 10 11 12 13 14 15 16 17 19 20 | 20.0
Invocations    | 2 4 6 7 8 9 10 11 12 14 17 18 19 21 | 21.6
Shapeshifting  | 1 3 4 5 6 7 8 9 10 11 13 14 15 | 15.0
Evocations     | 2 4 6 |  6.0

Action                     |  1- 3 |  4- 6 |  7- 9 | 10-12 | 13-15 | 16-18 | 19-21 | 22-24 | 25-27 || total
---------------------------+-------+-------+-------+-------+-------+-------+-------+-------+-------++-------
  Melee: War axe           |    58 |    86 |   269 |   117 |       |       |       |       |       ||   530
         Headbutt          |     9 |    14 |    42 |   188 |   441 |   398 |   568 |   632 |   327 ||  2619
         Hand axe          |       |       |       |   529 |   986 |       |       |       |       ||  1515
         Scimitar          |       |       |       |     4 |     7 |       |       |       |       ||    11
         Broad axe         |       |       |       |       |   250 |  1281 |  1545 |  1553 |   729 ||  5358
 Invoke: Summon Divine War |       |       |       |       |     1 |     2 |     1 |       |     3 ||     7
         Cleansing Flame   |       |       |       |       |       |       |     3 |     4 |     4 ||    11
         Divine Shield     |       |       |       |       |       |       |       |       |     1 ||     1
  Evoke: Wand              |       |       |       |     1 |       |     4 |     5 |       |     3 ||    13
         Box of beasts     |       |       |       |       |       |       |     1 |       |       ||     1
    Use: Scroll            |       |       |    10 |     9 |    12 |     8 |     5 |    11 |     4 ||    59
         Potion            |       |       |     2 |     5 |     7 |    10 |     3 |       |     9 ||    36
 Armour: Scale mail        |    44 |    46 |   100 |       |    44 |       |       |       |       ||   234
         Plate armour      |       |       |    85 |   249 |       |   894 |   762 |   922 |   331 ||  3243
         Skin              |       |       |       |    85 |       |       |       |       |       ||    85
         Chain mail        |       |       |       |    83 |   471 |    12 |       |       |       ||   566
  Dodge: Dodged            |    21 |    53 |   176 |   401 |   746 |   987 |   997 |  1147 |   352 ||  4880
         Repelled          |       |       |       |       |       |       |    28 |    23 |       ||    51
  Block: Buckler           |     6 |    27 |    74 |   179 |   375 |   682 |   721 |   545 |       ||  2609
         Kite shield       |       |       |       |       |       |       |       |   512 |   599 ||  1111
         Reflection        |       |       |       |       |       |       |       |    13 |     8 ||    21

Table legend: (Time is in decaauts)
 A = Elapsed time spent in this place.
 B = Non-inter-level travel time spent in this place.
 C = Inter-level travel time spent in this place.
 D = Time resting spent in this place.
 E = Time spent auto-exploring this place.
 F = Levels seen in this place.
 G = Mean time per level.
                   A        B        C        D        E       F      G
               +--------+--------+--------+--------+--------+-----+--------+
         Total |  53102 |  48950 |   4152 |   8045 |  26569 |  55 |  965.5 |
       Dungeon |  16122 |  14366 |   1756 |   2386 |   8916 |  15 | 1074.8 |
        Temple |     34 |      2 |     32 |      0 |      0 |   1 |   34.0 |
          Lair |   4868 |   4490 |    378 |    606 |   2714 |   5 |  973.6 |
         Swamp |   3083 |   2927 |    156 |    472 |   1405 |   4 |  770.8 |
   Spider Nest |   3666 |   3434 |    232 |    768 |   1588 |   4 |  916.5 |
  Orcish Mines |   1018 |    943 |     75 |    100 |    592 |   2 |  509.0 |
        Vaults |   7411 |   6775 |    636 |   1199 |   3572 |   5 | 1482.2 |
         Crypt |   2578 |   2412 |    166 |     40 |   1672 |   3 |  859.3 |
        Depths |   4238 |   3787 |    451 |    204 |   2523 |   4 | 1059.5 |
           Zot |   6476 |   6210 |    266 |   1789 |   2671 |   5 | 1295.2 |
         Abyss |    231 |    231 |      0 |     75 |      0 |   1 |  231.0 |
         Trove |      7 |      7 |      0 |      0 |      0 |   1 |    7.0 |
         Sewer |    850 |    850 |      0 |     74 |    482 |   1 |  850.0 |
      Ice Cave |    625 |    625 |      0 |     66 |    102 |   1 |  625.0 |
        Wizlab |    510 |    510 |      0 |    158 |     17 |   1 |  510.0 |
    Desolation |   1031 |   1031 |      0 |     81 |    194 |   1 | 1031.0 |
      Gauntlet |    348 |    348 |      0 |     24 |    117 |   1 |  348.0 |
               +--------+--------+--------+--------+--------+-----+--------+

Top non-repeatable levels by time:
Vaults:4: 2021 daAuts
Vaults:2: 1855 daAuts
   Zot:2: 1550 daAuts
     D:6: 1543 daAuts
   Zot:5: 1484 daAuts
Spider:4: 1411 daAuts
    D:11: 1301 daAuts
     D:4: 1300 daAuts
     D:8: 1243 daAuts
    D:12: 1237 daAuts
Vaults:1: 1220 daAuts
Depths:1: 1214 daAuts
   Zot:1: 1214 daAuts
Depths:4: 1191 daAuts
    D:14: 1181 daAuts
